[Event "Titled Tuesday Blitz February 15 Early 2022"]
[White "Winkels, Marcel"]
[Black "Mejia, Cherry Ann"]
[WhiteFideId "1003887"]
[BlackFideId "5206880"]
[WhiteElo "1900"]
[BlackElo "2007"]
[Result "0-1"]
[Round "11"]
[TimeControl "180+1"]
[Date "2022.02.15"]
[WhiteClock "0:00:02"]
[BlackClock "0:00:30"]

1. e4 c5 2. Nf3 Nc6 3. g3 d5 4. exd5 Qxd5 5. Bg2 Nf6 6. O-O Bg4 7. Nc3 Qd8 8. h3 Bh5 9. g4 Bg6 10. d3 e6 11. Bf4 Bd6 12. Qd2 O-O 13. Nb5 Bxf4 14. Qxf4 a6 15. Nc3 Rc8 16. Ne5 Qc7 17. Rfe1 Nd4 18. Qd2 Rfd8 19. h4 h5 20. Nxg6 fxg6 21. g5 Ng4 22. f4 e5 23. Rf1 exf4 24. Qxf4 Nxc2 25. Qxc7 Rxc7 26. Nd5 Rcd7 27. Rac1 Nd4 28. Rxc5 Ne2+ 29. Kh1 Ng3+ 30. Kg1 Nxf1 31. Kxf1 Rxd5 32. Bxd5+ Rxd5 33. Rxd5 Ne3+ 34. Ke2 Nxd5 35. Kf3 Kf7 36. Ke4 Ke6 37. a3 b5 38. b4 Nb6 39. Kd4 Kd6 40. Ke4 Nc8 41. Kd4 Ne7 42. Ke4 Nf5 43. Kf3 Nxh4+ 44. Ke4 Nf5 0-1


[Site "https://www.chess.com"]

[Event "Titled Tuesday Blitz February 15 Early 2022"]
[White "Yang, Kaiqi"]
[Black "Hirneise, Jens"]
[WhiteFideId "8604398"]
[BlackFideId "24614734"]
[WhiteElo "2373"]
[BlackElo "2323"]
[Result "0-1"]
[Round "11"]
[TimeControl "180+1"]
[Date "2022.02.15"]
[WhiteClock "0:00:03"]
[BlackClock "0:00:05"]

1. c4 e5 2. g3 h5 3. h3 h4 4. g4 d5 5. cxd5 Qxd5 6. Nf3 Nc6 7. Nc3 Qd8 8. Bg2 Nf6 9. d3 Be7 10. Be3 Be6 11. Ng5 Bd5 12. Nxd5 Nxd5 13. Qb3 Bb4+ 14. Kd1 Nxe3+ 15. fxe3 Qxg5 16. Bxc6+ bxc6 17. Qxb4 Qxe3 18. Rc1 Qb6 19. Qa3 O-O-O 20. Rc4 Rd4 21. Rxd4 Qxd4 22. Rf1 f6 23. Kc2 Qe3 24. Qa6+ Kd7 25. d4 exd4 26. Rf3 Qe4+ 27. Qd3 Re8 28. Kd2 c5 29. b3 Re6 30. Rf5 Qxd3+ 31. Kxd3 Re3+ 32. Kc4 Kd6 33. g5 fxg5 34. Rxg5 Rxh3 35. Rg6+ Ke5 36. Rxg7 Rc3+ 37. Kb5 h3 38. Rh7 Kf4 39. Kc6 Kg3 40. Kxc7 h2 41. Kb7 Kg2 42. Rxh2+ Kxh2 43. Kxa7 Re3 44. Kb6 Rxe2 45. Kxc5 Rxa2 46. Kxd4 Kg3 47. b4 Kf4 48. b5 Rd2+ 49. Kc5 Ke5 50. b6 Rc2+ 51. Kb5 Kd6 52. Ka6 Kc6 53. Ka7 Ra2+ 0-1


[Site "https://www.chess.com"]

[Event "Titled Tuesday Blitz February 15 Early 2022"]
[White "Yuan, Qingyu"]
[Black "Williams, Simon K"]
[WhiteFideId "8609772"]
[BlackFideId "404454"]
[WhiteElo "2359"]
[BlackElo "2468"]
[Result "0-1"]
[Round "11"]
[TimeControl "180+1"]
[Date "2022.02.15"]
[WhiteClock "0:00:03"]
[BlackClock "0:00:12"]

1. Nf3 f5 2. d3 Nc6 3. e4 e5 4. Nc3 Nf6 5. g3 Bc5 6. Bg2 d6 7. O-O O-O 8. Nh4 f4 9. gxf4 Ng4 10. Nf3 exf4 11. d4 Bb6 12. Nd5 g5 13. c3 h6 14. a4 Qe8 15. a5 Nxa5 16. b4 Nc6 17. b5 Ne7 18. Nxb6 cxb6 19. Ba3 Qg6 20. h3 h5 21. Qb3+ Be6 22. d5 Bd7 23. Qb4 Nc8 24. Qd4 Nh6 25. e5 g4 26. hxg4 hxg4 27. Nd2 f3 28. e6 Bxb5 29. c4 Be8 30. Bb2 Kh7 31. Ne4 Nf5 32. Qc3 Nce7 33. Bh1 Qh5 34. Ng3 Qg5 35. Rae1 Bg6 36. Re4 Rh8 37. Rfe1 Rag8 38. R4e3 Nxg3 39. fxg3 Nf5 40. Re4 Kh6 41. Rf4 Rf8 42. Bc1 Kh5 43. Rfe4 Qf6 44. Kf2 Qxc3 45. Bf4 Qc2+ 46. Kf1 Nd4 47. Rxd4 Bd3+ 48. Rxd3 Qxd3+ 49. Kf2 Qc2+ 50. Kf1 Qxc4+ 51. Kf2 Qxd5 52. Re3 Qd2+ 53. Kf1 Qd1+ 54. Re1 Qd3+ 55. Kf2 Rf5 56. e7 Re8 57. Bxf3 Qxf3+ 58. Kg1 Kg6 59. Re6+ Kf7 60. Rh6 Rxf4 61. Rh7+ Kg6 62. gxf4 Qxf4 63. Rh4 Qg3+ 64. Kf1 Qxh4 65. Kg2 Qh3+ 66. Kg1 Qg3+ 67. Kh1 Qf3+ 68. Kg1 Rxe7 69. Kh2 Re2+ 0-1


[Site "https://www.chess.com"]

[Event "Titled Tuesday Blitz February 15 Early 2022"]
[White "Zaichenko, Daria"]
[Black "Saim, Mohamed Ilias"]
[WhiteFideId "4197453"]
[BlackFideId "7900465"]
[WhiteElo "2039"]
[BlackElo "2006"]
[Result "1-0"]
[Round "11"]
[TimeControl "180+1"]
[Date "2022.02.15"]
[WhiteClock "0:02:05"]
[BlackClock "0:00:55"]

1. e4 c5 2. Nf3 a6 3. d4 cxd4 4. Nxd4 Nf6 5. Nc3 e5 6. Nf5 d6 7. Ng3 Nc6 8. Be2 Be7 9. O-O O-O 10. Kh1 Be6 11. f4 exf4 12. Bxf4 h6 13. Nf5 Bxf5 14. exf5 Qd7 15. Bd3 Rad8 16. Ne4 d5 17. Nxf6+ Bxf6 18. Qg4 Bxb2 19. Rab1 Bf6 20. Rbe1 Nb4 21. Bxh6 Rc8 22. Qg3 Nxd3 23. Bxg7 Nxe1 24. Bxf6+ Kh7 25. Qh4+ Kg8 26. Qg5+ Kh7 27. Qg7# 1-0


[Site "https://www.chess.com"]

[Event "Titled Tuesday Blitz February 15 Early 2022"]
[White "Zavivaeva, Emilia"]
[Black "Vine, Elzbieta"]
[WhiteFideId "34127531"]
[BlackFideId "1119320"]
[WhiteElo "1685"]
[BlackElo "1827"]
[Result "1-0"]
[Round "11"]
[TimeControl "180+1"]
[Date "2022.02.15"]
[WhiteClock "0:00:19"]
[BlackClock "0:00:04"]

1. e4 c5 2. Nf3 d6 3. d4 cxd4 4. Nxd4 Nf6 5. Nc3 a6 6. f3 b5 7. Be3 g6 8. Qd2 Bg7 9. g4 Bb7 10. h4 Nc6 11. h5 b4 12. Nce2 Rb8 13. hxg6 fxg6 14. Ne6 Qa5 15. Nxg7+ Kf7 16. Bh6 1-0


[Site "https://www.chess.com"]

[Event "Titled Tuesday Blitz February 15 Early 2022"]
[White "Zheenbekov, Nurgazy"]
[Black "Nguyen Hong Nhung"]
[WhiteFideId "13800485"]
[BlackFideId "12412201"]
[WhiteElo "1959"]
[BlackElo "1661"]
[Result "1-0"]
[Round "11"]
[TimeControl "180+1"]
[Date "2022.02.15"]
[WhiteClock "0:00:10"]
[BlackClock "0:00:10"]

1. e4 c5 2. Nf3 e6 3. d3 Nc6 4. Nbd2 g6 5. g3 Bg7 6. Bg2 Nge7 7. O-O O-O 8. Re1 d5 9. h4 h6 10. e5 Qc7 11. Qe2 Nf5 12. c3 b5 13. Nf1 Bb7 14. N1h2 d4 15. Bf4 Qa5 16. Ng4 dxc3 17. bxc3 Qxc3 18. Bd2 Qa3 19. Nf6+ Kh8 20. Bc1 Qa4 21. Bb2 Rad8 22. g4 Nfd4 23. Nxd4 cxd4 24. Rac1 Qa6 25. g5 h5 26. Nxh5 Nxe5 27. Nxg7 Bxg2 28. Qxe5 Qd6 29. Kxg2 Qxe5 30. Rxe5 Kxg7 31. Rxb5 Rd7 32. Rc4 Rfd8 33. f4 Kg8 34. Kf3 Rd5 35. Rxd5 Rxd5 36. Rxd4 Rxd4 37. Bxd4 a6 38. a4 Kh7 39. Ke4 Kg8 40. Ke5 Kh7 41. Kd6 Kg8 42. Kc6 e5 43. Bxe5 Kh7 44. Kb6 Kg8 45. Kxa6 Kh7 46. Kb7 Kg8 47. a5 Kh7 48. a6 Kg8 49. a7 Kh7 50. a8=Q f6 51. Qf8 fxe5 52. Qf7+ Kh8 53. h5 exf4 54. hxg6 f3 55. Qf8# 1-0